 Dungeon Crawl Stone Soup version 0.27-a0-419-g7a85846853 (webtiles) character file.

Game seed: 12014003905687591137

23 Chiseanne the Skirmisher (level 2, -1/23 HPs)
             Began as a Demonspawn Wanderer on Feb 26, 2021.
             Slain by Natasha (6 damage)
             ... on level 2 of the Dungeon.
             The game lasted 00:00:47 (721 turns).

Chiseanne the Skirmisher (Demonspawn Wanderer)       Turns: 721, Time: 00:00:48

Health: -1/23      AC: 13    Str: 11    XL:     2   Next: 75%
Magic:  2/2        EV: 12    Int: 13    God:
Gold:   11         SH:  0    Dex: 13    Spells: 1/1 levels left

rFire    . . .     SeeInvis .   s - +2 dagger (protect)
rCold    . . .     Faith    .   (no shield)
rNeg     . . .     Spirit   .   d - +0 robe
rPois    .         Reflect  .   (no helmet)
rElec    .         Harm     .   (no cloak)
rCorr    .         Rampage  .   (no gloves)
Will     .....                  f - +1 pair of boots
Stlth    ++........             (no amulet)
HPRegen  0.07/turn              (no ring)
MPRegen  0.08/turn              (no ring)

@: protection aura
A: icy blue scales 1
a: no special abilities


You were on level 2 of the Dungeon.
You visited 1 branch of the dungeon, and saw 2 of its levels.

You collected 11 gold pieces.

Inventory:

Hand Weapons
 a - a +2 mace
 s - a +2 dagger of protection (weapon)
Armour
 d - a +0 robe (worn)
 f - a +1 pair of boots (worn)
Scrolls
 b - 2 scrolls of teleportation
Potions
 e - a potion of mutation {unknown}


   Skills:
 * Level 2.7 Fighting
 - Level 1.7 Short Blades
 - Level 2.6 Maces & Flails
 - Level 1.0 Throwing
 * Level 1.4 Dodging
 - Level 1.0 Stealth
 - Level 1.0 Evocations


You had one spell level left.
You didn't know any spells.
Your spell library was empty.

Dungeon Overview and Level Annotations

Branches:
Dungeon (1/15)

Altars:

Annotations:
D:2 Natasha


Innate Abilities, Weirdness & Mutations

You are partially covered in icy blue scales. (AC +2)


Message History

Done waiting.
Adjust (i)tems, (s)pells, or (a)bilities?
g - a +2 dagger of protection Adjust to which letter? (? for menu, Esc to quit)
s - a +2 dagger of protection Drop what? 7/52 slots (_ for help) (? for menu, Esc to quit)
You drop a +0 short sword.
Your +2 dagger of protection hums with potential!
s - a +2 dagger of protection (weapon)
There is an open door here.
A worm comes into view.
Natasha, Servant of Life and Death comes into view.
You hit the worm.
Your weapon exudes an aura of protection.
The worm is moderately wounded.
You hit the worm but do no damage.
The worm is moderately wounded.
The worm barely misses you.
You barely miss the worm.
The worm is moderately wounded.
Natasha hisses angrily.
You hit the worm.
The worm is heavily wounded.
The worm closely misses you.
You hit the worm but do no damage.
The worm is moderately wounded.
Natasha wildly gestures.
Natasha glows brightly for a moment.
You barely miss the worm.
The worm is moderately wounded.
The worm bites you!
You hit the worm.
The worm is heavily wounded.
Natasha claws you.
You hit the worm but do no damage.
The worm is heavily wounded.
The worm bites you!
* * * LOW HITPOINT WARNING * * *
Natasha claws you.
You die...

#.##.#.#.#########
#..#.#.#..........
#....#.##.........
#...##.##.........
#.##.........
#.###'#######
#...#.# #.....#
#..@..# #.wh..#
#.......#
.........##
.....>...+
.........#
.........#
.........#


You could see a worm and Natasha.

Vanquished Creatures
  An adder (D:2)
  An ooze (D:2)
  2 goblins (D:2)
  A hobgoblin (D:2)
  2 kobolds (D:2)
  A quokka (D:2)
  A bat (D:2)
  2 rats (D:1)
11 creatures vanquished.

Notes
Turn   | Place    | Note
-------+----------+-------------------------------------------
     0 | D:1      | Chiseanne the Demonspawn Wanderer began the quest for the
                  | Orb.
     0 | D:1      | Chiseanne set off with the following items: a +2 mace, a
                  | scroll of teleportation, a +0 short sword, a +0 robe
     0 | D:1      | Reached XP level 1. HP: 16/16 MP: 1/1
   126 | D:1      | You fall into a shaft and drop 1 floor!
   138 | D:2      | Reached skill level 1 in Dodging
   138 | D:2      | Gained mutation: You are partially covered in icy blue
                  | scales. (AC +2) [demonic ancestry]
   138 | D:2      | Reached XP level 2. HP: 12/23 MP: 2/2
   712 | D:2      | Noticed Natasha
   721 | D:2      | Slain by Natasha

Illustrated notes

Levels and vault maps discovered:
D:1:      shiori_arrival_oz, layout_basic, serial_forest,
          infiniplex_forest_diagonal, infiniplex_forest_straight_3,
          infiniplex_forest_side_room, infiniplex_forest_lined_2,
          infiniplex_forest_clump_small, infiniplex_forest_straight_3,
          minmay_pentomino_v2
D:2:      layout_basic, nicolae_overflow_crystal_walls, minitemple,
          cheibriados_altar_1, uniq_jessica, uniq_natasha

Skill      XL: |  1 |
---------------+----+-----
Dodging        | 1 |  1.4
Fighting       | |  2.7
Short Blades   | |  1.7
Maces & Flails | |  2.6
Throwing       | |  1.0
Stealth        | |  1.0
Evocations     | |  1.0

Action                   || total
-------------------------++-------
Melee: Mace              ||    29
       Dagger            ||     8
 Stab: Sleeping          ||     1
Armor: Robe              ||    20
Dodge: Dodged            ||    22

Table legend: (Time is in decaauts)
 A = Elapsed time spent in this place.
 B = Non-inter-level travel time spent in this place.
 C = Inter-level travel time spent in this place.
 D = Time resting spent in this place.
 E = Time spent auto-exploring this place.
 F = Levels seen in this place.
 G = Mean time per level.
                   A        B        C        D        E       F      G
               +--------+--------+--------+--------+--------+-----+--------+
         Total |    727 |    727 |      0 |    478 |    164 |   2 |  363.5 |
       Dungeon |    727 |    727 |      0 |    478 |    164 |   2 |  363.5 |
               +--------+--------+--------+--------+--------+-----+--------+

Top non-repeatable levels by time:
     D:2: 600 daAuts
     D:1: 126 daAuts
